 Dungeon Crawl Stone Soup version 0.28.0-47-ge53b351184 (webtiles) character file.

Game seed: 2270577611846519575

57 Exodus22XD the Covered (level 3, -6/33 HPs)
             Began as a Minotaur Fighter on May 7, 2022.
             Mangled by a gnoll
             ... wielding a +1 vorpal flail
              (7 damage)
             ... on level 3 of the Dungeon.
             The game lasted 00:01:09 (1255 turns).

Exodus22XD the Covered (Minotaur Fighter)           Turns: 1255, Time: 00:01:09

Health: -6/33      AC:  7    Str: 22    XL:     3   Next: 73%
Magic:  2/2        EV:  5    Int:  5    God:
Gold:   30         SH:  0    Dex:  9    Spells: 2/2 levels left

rFire   . . .      SeeInvis .   f - +1 hand axe (freeze)
rCold   . . .      Faith    .   c - +0 buckler
rNeg    . . .      Spirit   .   b - +0 scale mail
rPois   .          Reflect  .   (helmet restricted)
rElec   .          Harm     .   (no cloak)
rCorr   .          Rampage  .   (no gloves)
Will    .....                   (no boots)
Stlth   ..........              (no amulet)
HPRegen 0.11/turn               (no ring)
MPRegen 0.08/turn               (no ring)

@: held
A: horns 2, retaliatory headbutt
a: no special abilities


You were on level 3 of the Dungeon.
You visited 1 branch of the dungeon, and saw 3 of its levels.

You collected 30 gold pieces.

Inventory:

Hand Weapons
 a - a +0 war axe
 f - a +1 hand axe of freezing (weapon)
Armour
 b - a +0 scale mail (worn)
 c - a +0 buckler (worn)
Scrolls
 g - a scroll of fear {unknown}
 h - a scroll of enchant armour {unknown}
 i - a scroll of silence {unknown}
 k - 2 scrolls of identify {unknown}
 l - 2 scrolls of magic mapping {unknown}
Potions
 d - a potion of might
 e - 3 potions of heal wounds {unknown}
 j - a potion of curing {unknown}
 m - a potion of flight {unknown}


   Skills:
 + Level 4.1 Fighting
 + Level 3.2 Axes
 + Level 4.4 Armour
 + Level 4.1 Shields


You had 2 spell levels left.
You didn't know any spells.
Your spell library was empty.

Dungeon Overview and Level Annotations

Branches:
Dungeon (3/15)

Altars:


Innate Abilities, Weirdness & Mutations

You have a pair of horns on your head.
You reflexively headbutt those who attack you in melee.


Message History

You climb downwards.
The endoplasm quivers.
The gnoll shouts! x2; You hear a shout!
You hear an angry hiss.
Found 8 gold pieces.
Found a stone staircase leading up.
There is a stone staircase leading up here.
A gnoll comes into view. It is wielding a +0 flail.
There are monsters nearby!
The endoplasm hits you.
There are monsters nearby!
You barely miss the endoplasm. The endoplasm freezes you.
You are frozen.
There are monsters nearby!
You hit the endoplasm. You freeze the endoplasm.
The endoplasm is heavily wounded.
The gnoll throws a throwing net.
The throwing net closely misses you. The endoplasm freezes you.
You are frozen.
There are monsters nearby!
You slash the endoplasm! You freeze the endoplasm.
You kill the endoplasm!
You hit the gnoll. You freeze the gnoll.
The gnoll hits you from afar with a +0 spear.
The gnoll throws a throwing net.
The throwing net hits you.
You become entangled in the net!
The gnoll hits you with a +1 vorpal flail!
A ball python comes into view.
You struggle against the net.
The gnoll hits you from afar with a +0 spear.
The gnoll hits you but does no damage.
You struggle against the net.
The gnoll hits you from afar with a +0 spear.
* * * LOW HITPOINT WARNING * * *
The gnoll hits you with a +1 vorpal flail.
* * * LOW HITPOINT WARNING * * *
x2 Unknown command.
Unknown command.
You struggle against the net.
The gnoll closely misses you.
The gnoll hits you with a +1 vorpal flail!
You die...

####.# r
....#####..# .
#....$..#.# ..
##.........##
...#............
.............###
........<<......
.....Sg.r....###
....gg.@.....#
.........(...#
####........##
#........#
#..........#
#..........#
#..........#
#..........#


You could see 3 gnolls, a ball python and a rat.

Vanquished Creatures
  An adder (D:2)
  2 worms (D:2)
  A dart slug (D:2)
  A bat (D:2)
  5 endoplasms
  4 giant cockroaches
  2 goblins
  6 hobgoblins
  3 kobolds
  A quokka (D:1)
  4 ball pythons
  3 frilled lizards
  3 rats (D:2)
36 creatures vanquished.

Notes
Turn   | Place    | Note
-------+----------+-------------------------------------------
     0 | D:1      | Exodus22XD the Minotaur Fighter began the quest for the
                  | Orb.
     0 | D:1      | Reached XP level 1. HP: 19/19 MP: 0/0
   140 | D:1      | Found a faded altar of an unknown god.
   249 | D:1      | Reached XP level 2. HP: 27/27 MP: 1/1
   634 | D:2      | Reached XP level 3. HP: 33/33 MP: 2/2
  1254 | D:3      | HP: 1/33 [gnoll/+1 vorpal flail (2)]
  1255 | D:3      | Mangled by a gnoll

Illustrated notes

Levels and vault maps discovered:
D:1:      minmay_arrival_up_and_down, layout_rooms,
          shapermc_ecumenical_altar_hornbeckon
D:2:      layout_loops_ring, chequers_serial_rivers_large_b
D:3:      layout_rooms, grunt_dithmenos_smoke

Skill      XL: |  1  2  3 |
---------------+----------+-----
Armour         | 4 |  4.4
Shields        | 4 |  4.1
Fighting       | 4 |  4.1
Axes           | 3 |  3.2

Action                   || total
-------------------------++-------
Melee: War axe           ||    10
       Hand axe          ||    59
       Headbutt          ||     7
Armor: Scale mail        ||    23
Dodge: Dodged            ||    27
Block: Buckler           ||    17
